 Dungeon Crawl Stone Soup version 0.26-a0-1101-g8f9f7f7418 (webtiles) character file.

Game seed: 10439212827721371306

405179 Ge0ff the Cryomancer (level 24, -12/202 HPs)
             Began as a Formicid Ice Elementalist on Dec 15, 2020.
             Was the Champion of Vehumet.
             Killed from afar by a storm dragon (30 damage)
             ... with a bolt of lightning
             ... on level 5 of the Vaults.
             The game lasted 02:14:40 (67859 turns).

Ge0ff the Cryomancer (Formicid Ice Elementalist)   Turns: 67859, Time: 02:14:41

Health: -12/202    AC: 14    Str: 34    XL:     24   Next: 51%
Magic:  22/42      EV: 18    Int: 30    God:    Vehumet [******]
Gold:   1092       SH: 15    Dex: 20    Spells: 13/53 levels left

rFire    + . .     SeeInvis +   a - +6 scimitar "Egou" {vorpal, *Contam Int+4 Dex+5}
rCold    . . .     Faith    .   U - +1 kite shield {rN+}
rNeg     + . .     Spirit   .   Q - +1 scale mail of Zywamn {Rampage rF+}
rPois    +         Reflect  .   (helmet unavailable)
rElec    .         Harm     .   w - +0 cloak of the Storm King {+Fly Str+2 Int+3 Dex+4}
rCorr    .         Rampage  +   Z - +0 pair of gloves
Will     ++...                  D - +0 pair of boots
Stlth    +.........             f - amulet "Samoeq" {RegenMP rPois Str+8}
HPRegen  0.43/turn              J - ring of Miracles {rPois Str+7 Slay+4, =R}
MPRegen  0.53/turn              H - ring of wizardry

@: no potions, studying 2 skills
A: permanent stasis, dig shafts and tunnels, four strong arms, antennae 3, fangs
1, hooves 1, robust 1
}: 2/15 runes: decaying, serpentine
a: Dig, Shaft Self, Renounce Religion, Evoke Flight


You were on level 5 of the Vaults.
You worshipped Vehumet.
Vehumet was exalted by your worship.
You visited 8 branches of the dungeon, and saw 40 of its levels.

You collected 5291 gold pieces.
You spent 4199 gold pieces at shops.

Inventory:

Hand Weapons
 a - the +6 scimitar "Egou" (weapon) {vorpal, *Contam Int+4 Dex+5}
   (You found it on level 3 of the Lair of Beasts)

   It inflicts extra damage upon your enemies.
   It affects your intelligence (+4).
   It affects your dexterity (+5).
   It causes magical contamination when unequipped.
Missiles
 g - 7 throwing nets {=f}
 h - 60 boomerangs
 v - 7 curare-tipped darts {=f}
Armour
 w - the +0 cloak of the Storm King (worn) {+Fly Str+2 Int+3 Dex+4}
   (You found it on level 3 of the Swamp)

   It affects your strength (+2).
   It affects your intelligence (+3).
   It affects your dexterity (+4).
   It lets you fly.
 D - a +0 pair of boots (worn)
 Q - the +1 scale mail of Zywamn (worn) {Rampage rF+}
   (You found it on level 9 of the Dungeon)

   It protects you from fire.
   It bestows one free step when moving towards enemies.
 U - a +1 kite shield of positive energy (worn)
 Z - a +0 pair of gloves (worn)
Jewellery
 f - the amulet "Samoeq" (around neck) {RegenMP rPois Str+8}
   (You found it on level 1 of the Elven Halls)

   [amulet of magic regeneration]

   It increases your magic regeneration.
   It affects your strength (+8).
   It protects you from poison.
 A - an uncursed ring of protection from cold
 H - a ring of wizardry (right hand)
 J - the ring of Miracles (left hand) {rPois Str+7 Slay+4, =R}
   (You took it off a deep elf mage on level 1 of the Elven Halls)

   [ring of slaying]

   It affects your strength (+7).
   It affects your accuracy and damage with ranged weapons and melee attacks
   (+4).
   It protects you from poison.
Wands
 d - a wand of digging (6)
 e - a wand of enslavement (15)
 j - a wand of acid (26)
 k - a wand of iceblast (4)
 p - a wand of paralysis (25)
 P - a wand of polymorph (14)
Scrolls
 i - 10 scrolls of identify
 m - 2 scrolls of magic mapping
 u - 2 scrolls of holy word
 y - a scroll of immolation
 C - 15 scrolls of remove curse
 E - 5 scrolls of fear
 F - 5 scrolls of fog
 M - a scroll of enchant armour
 S - 2 scrolls of summoning
 V - 4 scrolls of vulnerability
Potions
 o - 5 potions of ambrosia
 q - 14 potions of curing
 z - 5 potions of brilliance
 G - a potion of mutation {!q}
 I - 6 potions of invisibility
 K - 5 potions of magic {!q}
 L - 11 potions of lignification
 N - a potion of cancellation {!q}
 R - a potion of resistance
 T - 7 potions of might
 W - 5 potions of heal wounds {!q}
 X - 8 potions of flight
Books
 x - a manual of Dodging
 Y - a manual of Transmutations
Miscellaneous
 c - a condenser vane
 l - a lightning rod (4/4)
 t - a tin of tremorstones (2/2)
 O - a box of beasts


   Skills:
 + Level 13.6 Fighting
 - Level 7.2 Maces & Flails
 - Level 6.0 Throwing
 - Level 10.0 Armour
 - Level 10.0 Dodging
 - Level 3.0 Stealth
 - Level 9.0 Shields
 + Level 15.4 Spellcasting
 - Level 12.0 Conjurations
 - Level 5.0 Hexes
 - Level 5.0 Summonings
 + Level 6.4 Translocations
 + Level 14.5 Transmutations
 * Level 21.6 Ice Magic
 + Level 7.2 Earth Magic
 - Level 12.0 Evocations


You had 13 spell levels left.
You knew the following spells:

 Your Spells              Type           Power        Failure   Level
a - Absolute Zero         Ice            ########..   5%          9
g - Apportation           Tloc           ######       1%          1
m - Iskenderun's Mystic   Conj/Tloc      ######..     1%          4
p - Passage of Golubria   Tloc           N/A          1%          4
s - Summon Ice Beast      Ice/Summ       #######.     1%          4
w - Passwall              Tmut/Erth      ######..     1%          2
y - Yara's Violent Unrav  Hex/Tmut       ######....   1%          5
C - Ozocubu's Refrigerat  Ice            ########..   1%          6
E - Irradiate             Conj/Tmut      #######...   1%          5

Your spell library contained the following spells:

 Spells                   Type           Power        Failure   Level
 Lehudib's Crystal Spear  Conj/Erth      ######....   38%         8
 Chain Lightning          Conj/Air       ######....   80%         8
 Beastly Appendage        Tmut           ######       0%          1
 Freeze                   Ice            ####         0%          1
 Frozen Ramparts          Ice            ######       0%          3
 Ozocubu's Armour         Ice            ########     0%          3
 Ice Form                 Ice/Tmut       #######.     0%          4
 Animate Skeleton         Necr           ###...       1%          1
 Foxfire                  Conj/Fire      ####         1%          1
 Magic Dart               Conj           ####         1%          1
 Pain                     Necr           ###.         1%          1
 Sandblast                Erth           ######       1%          1
 Shock                    Conj/Air       ####         1%          1
 Sting                    Tmut/Pois      ####         1%          1
 Call Imp                 Summ           ######..     1%          2
 Corpse Rot               Necr/Air       N/A          1%          2
 Poisonous Vapours        Pois/Air       ###...       1%          2
 Searing Ray              Conj           ######       1%          2
 Slow                     Hex            ######..     1%          2
 Sublimation of Blood     Necr           ###.......   1%          2
 Conjure Flame            Conj/Fire      ######..     1%          3
 Dazzling Flash           Conj/Hex       ######       1%          3
 Gell's Gravitas          Tloc           ######....   1%          3
 Ignite Poison            Fire/Tmut/Pois ######..     1%          3
 Inner Flame              Hex/Fire       #####...     1%          3
 Lesser Beckoning         Tloc           ######....   1%          3
 Mephitic Cloud           Conj/Pois/Air  #####...     1%          3
 Spider Form              Tmut/Pois      ######....   1%          3
 Static Discharge         Conj/Air       ######..     1%          3
 Stone Arrow              Conj/Erth      ######       1%          3
 Teleport Other           Tloc           ######..     1%          3
 Tukima's Dance           Hex            ######..     1%          3
 Cause Fear               Hex            ######....   1%          4
 Fulminant Prism          Conj/Hex       ######....   1%          4
 Hailstorm                Conj/Ice       #######.     1%          4
 Leda's Liquefaction      Hex/Erth       ######....   1%          4
 Petrify                  Tmut/Erth      ######..     1%          4
 Sticky Flame             Conj/Fire      ######..     1%          4
 Alistair's Intoxication  Tmut/Pois      ######...    1%          5
 Bolt of Magma            Conj/Fire/Erth ######....   1%          5
 Fireball                 Conj/Fire      ######....   1%          5
 Lee's Rapid Deconstruct  Erth           ######....   1%          5
 Lightning Bolt           Conj/Air       ######....   1%          5
 Metabolic Englaciation   Hex/Ice        #######...   1%          5
 Freezing Cloud           Conj/Ice/Air   ######....   1%          6
 Iron Shot                Conj/Erth      ######....   1%          6
 Simulacrum               Ice/Necr       ######....   2%          6
 Statue Form              Tmut/Erth      ######...    2%          6
 Vampiric Draining        Necr           ###.......   4%          3
 Airstrike                Air            ###.......   4%          4
 Olgreb's Toxic Radiance  Pois           ###.....     4%          4
 Animate Dead             Necr           ###.......   13%         4
 Dispel Undead            Necr           ###.....     13%         4
 Silence                  Hex/Air        #####.....   13%         5
 Invisibility             Hex            ######..     26%         6
 Agony                    Necr           ###.....     34%         5
 Excruciating Wounds      Necr           ###.......   34%         5
 Malign Gateway           Summ/Tloc      ######....   69%         7
 Monstrous Menagerie      Summ           ######....   78%         7
 Summon Greater Demon     Summ           ######....   78%         7
 Discord                  Hex            ######....   100%        8
 Ignition                 Fire           ###.......   100%        8
 Summon Horrible Things   Summ           ######....   100%        8
 Shatter                  Erth           ######....   100%        9
 Tornado                  Air            ###.......   100%        9
 Blink                    Tloc           Unusable     N/A         2
 Swiftness                Air            Unusable     N/A         2

Dungeon Overview and Level Annotations

Branches:
Dungeon (15/15)            Temple (1/1) D:6            Lair (6/6) D:8
  Swamp (4/4) Lair:3        Snake (4/4) Lair:4        Slime (0/5) Lair:5
    Orc (2/2) D:12            Elf (3/3) Orc:2        Vaults (5/5) D:13
  Crypt (0/3) Vaults:3     Depths (0/5) D:15

Altars:
Ashenzari
Cheibriados
Dithmenos
Elyvilon
Fedhas
Gozag
Hepliaklqana
Kikubaaqudgha
Makhleb
Nemelex Xobeh
Okawaru
Qazlal
Ru
Sif Muna
Trog
Uskayaw
Vehumet
Wu Jian
Xom
Yredelemnul
Zin
The Shining One
Beogh

Shops:
D:9 *(*   Orc:1 *   Orc:2 }?=}   Elf:1 =   Elf:2 *   Elf:3 }}}(   Snake:1 =
Snake:2 :   Snake:4 }}   Vaults:1 *   Vaults:3 [

Annotations:
Lair:1 stash


Innate Abilities, Weirdness & Mutations

You cannot be hasted, slowed, berserked, paralysed or teleported.
You can dig through walls and to a lower floor.
Your four strong arms can wield two-handed weapons with a shield.
You have a pair of large antennae on your head. (SInv)
You have very sharp teeth.
You have large cloven feet.
You are robust. (+10% HP)


Message History

Vehumet accepts your kill.
You feel your power returning.
You hear a shout! x5
A storm dragon comes into view.
You block the orc sorcerer's attack.
Casting: Absolute Zero (dangerous; 5% risk of failure)
Confirm with . or Enter, or press ? or * to list all spells.
Casting: Absolute Zero (dangerous; 5% risk of failure)
Press: ? - help, Dir - look around You chill the orc sorcerer to absolute zero!
The orc sorcerer is frozen into a solid block of ice!
You kill the orc sorcerer!
Vehumet accepts your kill.
You feel your power returning.
You hear a deafening roar!
You hear a shout! x2; You hear two shouts!
You hear a shout!
The storm dragon breathes lightning at you.
The bolt of lightning hits the frost giant shaped block of ice!
The bolt of lightning hits you!!
You die...

#.)# #....# ...
.c...#....# #...
..[[.#.$[[##)...
#)D.(#..c.#.[.#
.)).÷.......#
#####[.o[....#####
.......)÷[).......
...[..[[<8†.......
..o..)[<[D@8...[..
......[.<8O.[.....
#####...[[...#####
#...[.[...#
+##....#..#
{#....##... #....#
#..( #....# [.#
#)...# ##


You could see a shadow dragon shaped shifter, a storm dragon (catching breath),
an orc knight, a yaktaur and an ogre.

Vanquished Creatures
  Mara (Vaults:3)
  Saint Roka (Vaults:3)
  Margery (Vaults:2)
  Nikola (Vaults:2)
  A tentacled monstrosity (Vaults:5)
  Jorgrun (Snake:1)
  3 titans
  A quicksilver dragon (Vaults:5)
  A deep elf master archer (Elf:3)
  A deep elf blademaster (Elf:3)
  Frances (Snake:1)
  Kirke (Lair:5)
  Agnes (Elf:1)
  A tengu reaver (Vaults:1)
  3 thorn hunters (Swamp:4)
  A fire giant (Vaults:5)
  Roxanne (Snake:3)
  A fenstrider witch (Swamp:4)
  2 orc warlords (Orc:2)
  7 nagarajas (Snake:4)
  13 deep elf sorcerers
  11 vault wardens
  Aizul (Snake:1)
  Louise (D:15)
  4 frost giants
  4 deep elf elementalists
  9 ironheart preservers
  10 stone giants
  2 vampire knights (Swamp:4)
  7 bunyips
  7 deep elf demonologists
  4 deep elf annihilators
  3 entropy weavers
  Azrael (D:13)
  4 deep elf death magi
  2 eleionomae
  3 ettins (Vaults:5)
  7 crystal guardians (Elf:3)
  2 fire dragons
  6 yaktaur captains
  Josephine (Lair:5)
  6 deep elf high priests (Elf:3)
  30 vault guards
  3 shambling mangroves (Swamp:4)
  An ice dragon (Vaults:4)
  The ghost of DungeonDestroyer the Blocker, a journeyman GnFi of Okawaru (D:11)
  3 catoblepae (Lair:6)
  Erica (Lair:2)
  14 hydras
  15 naga warriors
  4 ghost crabs
  8 boulder beetles
  7 centaur warriors
  13 anacondas
  30 dancing weapons
  5 alligators
  36 two-headed ogres
  8 death yaks
  A tengu warrior (D:14)
  A queen ant (Lair:5)
  A deep troll shaman (Vaults:4)
  11 ogre magi
  4 orc high priests (Orc:2)
  10 naga sharpshooters
  24 deep elf knights
  5 shock serpents
  3 hell knights (Vaults:2)
  2 salamander mystics (Snake:2)
  5 skeletal warriors (Vaults:3)
  9 sea snakes (Snake:4)
  A goliath frog (Swamp:3)
  2 unseen horrors
  9 deep trolls
  A flayed ghost (Vaults:4)
  5 naga ritualists
  7 spriggan druids
  10 swamp dragons
  2 shadow wraiths (Vaults:4)
  A wizard (D:13)
  A bog body (Swamp:3)
  A glowing orange brain (Vaults:3)
  4 spectral hydras (Swamp:4)
  20 deep elf archers
  9 ironbrand convokers
  12 orc knights
  6 harpies
  3 phantasmal warriors
  11 mana vipers
  A wolf spider zombie (D:15)
  3 necromancers
  A shadow dragon skeleton (Vaults:3)
  A wolf spider (Vaults:3)
  A tengu skeleton (Vaults:5)
  17 ugly things
  2 salamanders (shapeshifter) (Vaults:3)
  69 deep elf magi
  11 orc sorcerers
  3 oklob plants (Swamp:4)
  2 frost giant zombies (Vaults:5)
  3 cyclopes
  3 manticores
  4 will-o-the-wisps
  5 salamanders
  9 elephants
  A black mamba (shapeshifter) (Elf:1)
  23 black mambas
  7 human skeletons
  A titan simulacrum (Vaults:5)
  2 centaur zombies
  A fire giant skeleton (Vaults:3)
  22 naga magi
  A frost giant skeleton (Vaults:3)
  7 vault sentinels
  A gargoyle (D:13)
  14 guardian serpents
  A stone giant skeleton (Vaults:3)
  A cane toad (shapeshifter) (Vaults:1)
  3 centaur skeletons
  11 cane toads
  2 freezing wraiths
  A redback zombie (D:15)
  8 komodo dragons
  29 yaktaurs
  4 tengu conjurers
  A yaktaur skeleton (Vaults:5)
  A jumping spider (Vaults:4)
  A polar bear (D:13)
  2 hydra zombies (Swamp:4)
  2 bloated husks
  2 death drake zombies (Swamp:4)
  8 trolls
  15 hornets
  9 tyrant leeches
  A tyrant leech (shapeshifter) (Vaults:1)
  3 hydra skeletons (Swamp:4)
  A sphinx simulacrum (Vaults:2)
  2 death drake skeletons (Swamp:4)
  A raiju (shapeshifter) (Vaults:3)
  21 slime creatures
  8 blink frogs (Lair:4)
  7 spriggans
  3 water elementals
  6 wraiths
  An ettin skeleton (Vaults:3)
  4 shadows
  Sigmund (D:2)
  A redback (Vaults:4)
  2 air elementals (Elf:1)
  2 centaur simulacra
  48 yaks
  A tarantella (Vaults:4)
  2 tarantellas (shapeshifter)
  8 wyverns
  10 fire elementals
  Eustachio (D:4)
  A golden eye (shapeshifter) (Elf:3)
  5 hogs (Lair:5)
  4 basilisks
  10 vampire mosquitoes
  10 wargs
  Menkaure (D:6)
  64 nagas
  10 swamp worms
  2 hydra simulacra (Swamp:4)
  6 water moccasins
  7 soldier ants
  2 acid dragons
  A deep troll skeleton (Vaults:3)
  3 eyes of draining
  6 ice beasts
  50 orc warriors
  A nameless horror (D:5)
  A black bear (shapeshifter) (Elf:3)
  3 black bears
  A swamp dragon zombie (Swamp:4)
  A necrophage (D:13)
  32 ogres
  8 wolves
  2 phantoms
  2 elf skeletons
  6 boggarts
  15 centaurs
  2 human zombies (Vaults:2)
  3 big kobolds
  3 earth elementals
  2 gnoll sergeants (D:5)
  16 bullfrogs
  4 scorpions
  A troll zombie (D:12)
  An orc simulacrum (Vaults:2)
  12 wights
  5 killer bees (D:10)
  3 electric eels
  A howler monkey (D:4)
  3 bullfrog zombies (D:5)
  4 quasits
  2 jellies
  34 orc priests
  21 orc wizards
  7 hounds
  A gnoll shaman (D:5)
  A bullfrog skeleton (D:6)
  4 iguanas
  22 worker ants
  An ogre zombie (D:12)
  A bullfrog simulacrum (D:13)
  A hound zombie (D:10)
  28 gnolls
  16 adders
  A howler monkey skeleton (D:7)
  7 white imps
  2 ufetubi
  3 oozes
  2 worms
  3 dart slugs (D:2)
  4 leopard geckos
  130 orcs
  3 giant cockroaches
  5 goblins
  A hobgoblin (D:1)
  27 jackals
  11 kobolds
  7 quokkas
  3 ball pythons
  3 bats
  7 frilled lizards
  3 goblin zombies (D:12)
  A hobgoblin skeleton (D:12)
  An orc skeleton (D:12)
  12 orc zombies (D:12)
  A quokka skeleton (D:8)
  A quokka zombie (D:8)
  8 rats
  5 blocks of ice
  17 butterflies
1670 creatures vanquished.

Vanquished Creatures (collateral kills)
  Gastronok (D:9)
  A hydra (Lair:5)
  A two-headed ogre (D:12)
  A deep troll (shapeshifter) (D:13)
  2 ugly things (D:11)
  An oklob plant (Lair:2)
  A hornet (D:11)
  A slime creature (D:12)
  A wraith (D:11)
  A yak (D:13)
  A vampire mosquito (Lair:3)
  A soldier ant (Lair:5)
  A scorpion (D:12)
  A worker ant (Lair:5)
  4 ogre zombies (D:12)
  2 orcs
  2 orc zombies (D:12)
  A quokka skeleton (D:5)
24 creatures vanquished.

Vanquished Creatures (others)
  An ugly thing (D:14)
  A human (Lair:5)
  2 worker ants (Lair:5)
  169 blocks of ice
  10 foxfires
  26 fungi
  96 plants
305 creatures vanquished.

Grand Total: 1999 creatures vanquished

Notes
Turn   | Place    | Note
-------+----------+-------------------------------------------
     0 | D:1      | Ge0ff the Formicid Ice Elementalist began the quest for the
                  | Orb.
     0 | D:1      | Reached XP level 1. HP: 13/13 MP: 3/3
   217 | D:1      | Reached XP level 2. HP: 8/20 MP: 0/5
   833 | D:1      | Reached skill level 1 in Fighting
   931 | D:1      | Reached XP level 3. HP: 26/26 MP: 4/6
  1045 | D:1      | Learned a level 3 spell: Frozen Ramparts
  1504 | D:2      | Found an ornate altar of the Wu Jian Council.
  1578 | D:2      | Reached XP level 4. HP: 32/32 MP: 4/8
  1780 | D:2      | Reached skill level 1 in Maces & Flails
  1780 | D:2      | Reached skill level 5 in Ice Magic
  2089 | D:2      | Reached XP level 5. HP: 37/37 MP: 5/9
  2146 | D:2      | Noticed Sigmund
  2166 | D:2      | Killed Sigmund
  2167 | D:2      | Reached skill level 1 in Shields
  2167 | D:2      | Reached XP level 6. HP: 7/44 MP: 0/11
  3471 | D:3      | Found a glowing golden altar of the Shining One.
  3471 | D:3      | Found a white marble altar of Elyvilon.
  3623 | D:3      | Reached XP level 7. HP: 49/50 MP: 8/12
  4155 | D:4      | Learned a level 4 spell: Summon Ice Beast
  4160 | D:4      | Learned a level 4 spell: Hailstorm
  4321 | D:4      | Reached skill level 6 in Ice Magic
  4407 | D:4      | Noticed Eustachio
  4424 | D:4      | Killed Eustachio
  4425 | D:4      | Reached skill level 1 in Conjurations
  4977 | D:5      | Entered Level 5 of the Dungeon
  5050 | D:5      | Reached XP level 8. HP: 14/57 MP: 2/14
  5848 | D:5      | Reached skill level 7 in Ice Magic
  6325 | D:5      | Reached skill level 1 in Summonings
  6361 | D:5      | Reached XP level 9. HP: 59/63 MP: 11/16
  6465 | D:5      | Noticed a nameless horror
  6468 | D:5      | Killed a nameless horror
  6631 | D:6      | Reached skill level 5 in Spellcasting
  6721 | D:6      | Found a staircase to the Ecumenical Temple.
  6730 | Temple   | Entered the Ecumenical Temple
  7189 | D:6      | Noticed Menkaure
  7196 | D:6      | Killed Menkaure
  7257 | D:6      | Reached skill level 8 in Ice Magic
  7342 | D:6      | Found a radiant altar of Vehumet.
  7344 | D:6      | Identified Vehumet's Compendium of Damage Dealing
  7347 | D:6      | Found an ancient bone altar of Kikubaaqudgha.
  7348 | D:6      | Found a shimmering blue altar of Sif Muna.
  7366 | D:6      | Became a worshipper of Vehumet
  7508 | D:6      | Found a bloodstained altar of Trog.
  7656 | D:6      | Reached skill level 1 in Evocations
  7672 | D:6      | Reached skill level 5 in Conjurations
  8129 | D:7      | Reached XP level 10. HP: 66/70 MP: 11/17
  8151 | D:7      | Reached * piety under Vehumet
  8151 | D:7      | Offered knowledge of Sandblast by Vehumet.
  8191 | D:7      | Found a stormy altar of Qazlal.
  8745 | D:7      | Found a burning altar of Makhleb.
  9080 | D:8      | Found a staircase to the Lair.
  9095 | D:8      | Reached skill level 5 in Maces & Flails
  9361 | D:8      | Reached skill level 9 in Ice Magic
  9480 | D:8      | Found a shimmering altar of Xom.
  9519 | D:8      | Got a masterwork hunting sling
  9537 | D:8      | Identified the +6 hunting sling "Cooz" {freeze, +Blink
                  | rPois Str+2 Stlth+} (You found it on level 8 of the
                  | Dungeon)
  9736 | D:8      | Found a basalt altar of Yredelemnul.
  9747 | D:8      | Found a shimmering altar of Xom.
 10091 | D:8      | Found a staircase to the Lair.
 10348 | D:9      | Noticed Gastronok
 10562 | D:9      | Offered knowledge of Foxfire by Vehumet.
 10572 | D:9      | Reached ** piety under Vehumet
 10765 | D:9      | Noticed a boulder beetle
 11154 | D:9      | Found Zytufiaf's Assorted Antiques.
 11167 | D:9      | Bought a glowing buckler for 262 gold pieces
 11167 | D:9      | Bought a cyan potion for 31 gold pieces
 11167 | D:9      | Bought a bubbling cyan potion for 31 gold pieces
 11281 | D:9      | Got a warped scale mail
 11292 | D:9      | Identified the +1 scale mail of Zywamn {Rampage rF+} (You
                  | found it on level 9 of the Dungeon)
 11480 | D:9      | Found Zeddyih's Antique Weapon Emporium.
 11745 | D:9      | Killed Gastronok
 11746 | D:9      | Reached XP level 11. HP: 55/75 MP: 8/20
 11959 | D:9      | Found Leuceseuni's Assorted Antiques.
 12039 | D:9      | Killed a boulder beetle
 12198 | D:10     | Entered Level 10 of the Dungeon
 12279 | D:10     | Reached skill level 10 in Ice Magic
 12667 | D:10     | Found a stormy altar of Qazlal.
 12914 | D:11     | Learned a level 4 spell: Iskenderun's Mystic Blast
 13097 | D:11     | Noticed a green ugly thing
 13106 | D:11     | Killed a green ugly thing
 13196 | D:11     | Found a runed translucent door.
 13201 | D:11     | Noticed DungeonDestroyer's ghost (journeyman GnFi)
 13350 | D:11     | Noticed a cyan ugly thing
 13354 | D:11     | Offered knowledge of Inner Flame by Vehumet.
 13359 | D:11     | Killed a cyan ugly thing
 13442 | D:11     | Noticed a red ugly thing
 13449 | D:11     | Killed a red ugly thing
 13630 | D:11     | Killed DungeonDestroyer's ghost
 13631 | D:11     | Reached skill level 1 in Armour
 13631 | D:11     | Reached skill level 5 in Summonings
 13742 | D:11     | Noticed a white ugly thing
 13752 | D:11     | Killed a white ugly thing
 13752 | D:11     | Reached *** piety under Vehumet
 13753 | D:11     | Reached skill level 1 in Translocations
 14481 | D:12     | Noticed an unseen horror
 14499 | D:12     | Killed an unseen horror
 14605 | D:12     | Reached XP level 12. HP: 77/80 MP: 22/22
 14696 | D:12     | Noticed Psyche
 14697 | D:12     | Noticed Psyche
 14697 | D:12     | Psyche changed into Psyche the worker ant
 14702 | D:12     | Killed Psyche the worker ant
 14702 | D:12     | Offered knowledge of Sticky Flame by Vehumet.
 15193 | D:12     | Found a staircase to the Orcish Mines.
 15200 | D:12     | Reached skill level 5 in Evocations
 15583 | D:12     | Reached **** piety under Vehumet
 16018 | D:12     | Noticed a two-headed ogre
 16030 | D:12     | Killed a two-headed ogre
 16436 | Lair:1   | Entered Level 1 of the Lair of Beasts
 17546 | Lair:2   | Noticed an eight-headed hydra
 17555 | Lair:2   | Killed an eight-headed hydra
 17644 | Lair:2   | Offered knowledge of Irradiate by Vehumet.
 17645 | Lair:2   | Reached skill level 11 in Ice Magic
 17676 | Lair:2   | Learned a level 5 spell: Irradiate
 17781 | Lair:2   | Reached skill level 5 in Fighting
 17786 | Lair:2   | Reached skill level 1 in Transmutations
 17946 | Lair:2   | Noticed Erica
 17964 | Lair:2   | Killed Erica
 18679 | Lair:3   | Reached XP level 13. HP: 84/91 MP: 23/23
 18984 | Lair:3   | Got a crystal scimitar
 18988 | Lair:3   | Identified the +6 scimitar "Egou" {vorpal, *Contam Int+4
                  | Dex+5} (You found it on level 3 of the Lair of Beasts)
 19010 | Lair:3   | Got a translucent crystal amulet
 19136 | Lair:3   | Found a staircase to the Swamp.
 19181 | Lair:3   | Identified an amulet "Nahisuk" {Reflect Will+ SH+5} (You
                  | found it on level 3 of the Lair of Beasts)
 19797 | Lair:4   | Got a sheer robe
 19975 | Lair:4   | Found a staircase to the Snake Pit.
 20477 | Lair:4   | Reached ***** piety under Vehumet
 20501 | Lair:4   | Offered knowledge of Fireball by Vehumet.
 20609 | Lair:4   | Reached skill level 5 in Transmutations
 21001 | Lair:5   | Noticed a seven-headed hydra
 21014 | Lair:5   | Killed a seven-headed hydra
 21015 | Lair:5   | Reached skill level 12 in Ice Magic
 21171 | Lair:5   | Identified the cursed +1 robe of Teisoan {Str+5 Stlth-}
                  | (You found it on level 4 of the Lair of Beasts)
 21219 | Lair:5   | Noticed a six-headed hydra
 21229 | Lair:5   | Killed a six-headed hydra
 21274 | Lair:5   | Noticed an entropy weaver
 21274 | Lair:5   | Noticed an entropy weaver
 21283 | Lair:5   | Killed an entropy weaver
 21283 | Lair:5   | Killed an entropy weaver
 21509 | Lair:5   | Noticed a six-headed hydra
 21521 | Lair:5   | Killed a six-headed hydra
 21578 | Lair:5   | Noticed Kirke
 21584 | Lair:5   | Reached XP level 14. HP: 101/101 MP: 18/25
 21586 | Lair:5   | Killed Kirke
 21714 | Lair:5   | Noticed Josephine
 21849 | Lair:5   | Killed Josephine
 21850 | Lair:5   | Reached skill level 10 in Conjurations
 22344 | Lair:5   | Found a staircase to the Slime Pits.
 22448 | Lair:6   | Entered Level 6 of the Lair of Beasts
 22770 | Lair:6   | Reached skill level 13 in Ice Magic
 23436 | Lair:6   | Offered knowledge of Bolt of Magma by Vehumet.
 23437 | Lair:6   | Reached skill level 1 in Throwing
 24474 | Orc:1    | Entered Level 1 of the Orcish Mines
 24536 | Orc:1    | Reached XP level 15. HP: 96/108 MP: 25/27
 24790 | Orc:1    | Found Zodghuqa's General Store.
 24939 | Orc:2    | Entered Level 2 of the Orcish Mines
 25285 | Orc:1    | Offered knowledge of Spellforged Servitor by Vehumet.
 25329 | Orc:1    | You fall into a shaft and drop 1 floor!
 25329 | Orc:2    | Found a roughly hewn altar of Beogh.
 25329 | Orc:2    | Noticed an orc warlord
 25333 | Orc:2    | Killed an orc warlord
 25866 | Orc:2    | Found Qecoalus's Gadget Shoppe.
 26857 | Orc:2    | Gained mutation: You are frail. (-10% HP) [a neqoxec]
 27097 | Orc:2    | Found Rojak's Magic Scroll Boutique.
 27208 | Orc:2    | Found a staircase to the Elven Halls.
 27437 | Orc:2    | Found Komeg's Gadget Emporium.
 27437 | Orc:2    | Noticed a stone giant
 27444 | Orc:2    | Killed a stone giant
 27566 | Orc:2    | Found a roughly hewn altar of Beogh.
 27657 | Orc:2    | Found Goott's Jewellery Shoppe.
 27748 | Orc:2    | Noticed an orc warlord
 27757 | Orc:2    | Killed an orc warlord
 27886 | Orc:2    | Reached skill level 14 in Ice Magic
 28185 | Lair:1   | Lost mutation: You are frail. (-10% HP) [potion of
                  | mutation]
 28185 | Lair:1   | Gained mutation: You have very sharp teeth. [potion of
                  | mutation]
 28185 | Lair:1   | Gained mutation: You are robust. (+10% HP) [potion of
                  | mutation]
 28185 | Lair:1   | Gained mutation: You have large cloven feet. [potion of
                  | mutation]
 28553 | D:13     | Noticed Azrael
 28557 | D:13     | Killed Azrael
 28929 | D:13     | You fall into a shaft and drop 2 floors!
 28929 | D:15     | Entered Level 15 of the Dungeon
 28930 | D:15     | Noticed Louise
 29461 | D:13     | Reached skill level 5 in Dodging
 29609 | D:13     | Reached XP level 16. HP: 124/129 MP: 29/29
 29647 | D:13     | Reached ****** piety under Vehumet
 29814 | D:13     | Offered knowledge of Freezing Cloud by Vehumet.
 30486 | D:13     | Found a gate to the Vaults.
 30978 | D:14     | Reached skill level 5 in Throwing
 31915 | D:15     | Reached skill level 10 in Transmutations
 31932 | D:15     | Reached skill level 10 in Spellcasting
 32004 | D:15     | Killed Louise
 32333 | D:15     | Reached skill level 15 in Ice Magic
 32578 | D:15     | Offered knowledge of Ozocubu's Refrigeration by Vehumet.
 32589 | D:14     | Learned a level 6 spell: Ozocubu's Refrigeration
 33172 | D:15     | Reached skill level 10 in Evocations
 33356 | D:15     | Found a staircase to the Depths.
 33356 | D:15     | Noticed a frost giant
 33361 | D:15     | Killed a frost giant
 33362 | D:15     | Reached skill level 10 in Fighting
 33362 | D:15     | Reached XP level 17. HP: 102/140 MP: 22/31
 34359 | Elf:1    | Entered Level 1 of the Elven Halls
 34359 | Elf:1    | Found Wugireso's Jewellery Shoppe.
 34401 | Elf:1    | Noticed Agnes
 34404 | Elf:1    | Killed Agnes
 34944 | Elf:1    | Found a transporter.
 35470 | Elf:1    | Reached skill level 16 in Ice Magic
 36093 | Elf:1    | Found a transporter.
 36309 | Elf:1    | Learned a level 5 spell: Yara's Violent Unravelling
 36597 | Elf:2    | Reached skill level 1 in Hexes
 37479 | Elf:2    | Found Qysk's General Store.
 37483 | Elf:2    | Bought 2 curare-tipped darts for 20 gold pieces
 37900 | Elf:2    | Found a huge runed translucent gate.
 37900 | Elf:2    | Found a huge runed translucent gate.
 37901 | Elf:2    | Found a huge runed translucent gate.
 38179 | Elf:2    | Found a huge runed translucent gate.
 38179 | Elf:2    | Found a huge runed translucent gate.
 38842 | Elf:2    | Reached XP level 18. HP: 143/147 MP: 27/33
 39032 | Elf:2    | Offered knowledge of Iskenderun's Battlesphere by Vehumet.
 39708 | Elf:2    | Reached skill level 17 in Ice Magic
 39936 | Elf:3    | Entered Level 3 of the Elven Halls
 39939 | Elf:3    | Reached skill level 5 in Hexes
 40334 | Elf:3    | Found Qonaon Ulugh's Gadget Boutique.
 40338 | Elf:3    | Noticed Bai Suzhen
 40396 | Elf:2    | Noticed Bai Suzhen
 40396 | Elf:2    | Bai Suzhen changed into Bai Suzhen the titan
 40400 | Elf:2    | Killed Bai Suzhen the titan
 40621 | Elf:3    | Found Qabuxysa's Gadget Shop.
 40621 | Elf:3    | Found Qozigeje's Gadget Boutique.
 40624 | Elf:3    | Found Yki Cih's Weapon Shop.
 40626 | Elf:3    | Bought a tin of tremorstones (2/2) for 760 gold pieces
 40626 | Elf:3    | Bought a wand of paralysis (9) for 209 gold pieces
 40633 | Elf:3    | Bought a condenser vane for 480 gold pieces
 42375 | Elf:3    | Reached skill level 18 in Ice Magic
 43005 | Elf:3    | Reached XP level 19. HP: 113/154 MP: 16/35
 43698 | Elf:3    | Identified the amulet "Butya" {Faith +Inv Will+ Int+4
                  | Dex-3}
 44160 | Elf:3    | Noticed a deep elf blademaster
 44163 | Elf:3    | Killed a deep elf blademaster
 44367 | Elf:3    | Identified the amulet "Jauhiufo" {RegenMP rElec rPois rF-
                  | SInv}
 44576 | Elf:3    | Identified the +11 hand crossbow of Nailil {penet, +Blink
                  | Will++ Str+3 Stlth-} (You found it on level 3 of the Elven
                  | Halls)
 44608 | Elf:3    | Identified the Incunabulum of Stones
 45390 | Elf:3    | Offered knowledge of Orb of Destruction by Vehumet.
 46028 | Swamp:1  | Entered Level 1 of the Swamp
 48155 | Swamp:2  | Reached skill level 19 in Ice Magic
 48311 | Swamp:2  | Reached skill level 5 in Armour
 49345 | Swamp:3  | Got a crude cloak
 49346 | Swamp:3  | Identified the cursed +0 cloak of the Storm King {+Fly
                  | Str+2 Int+3 Dex+4} (You found it on level 3 of the Swamp)
 49627 | Swamp:4  | Entered Level 4 of the Swamp
 50162 | Swamp:4  | Reached XP level 20. HP: 162/162 MP: 9/37
 51123 | Swamp:4  | Offered knowledge of Lehudib's Crystal Spear by Vehumet.
 51123 | Swamp:4  | Offered knowledge of Chain Lightning by Vehumet.
 51123 | Swamp:4  | Offered knowledge of Absolute Zero by Vehumet.
 51204 | Swamp:4  | Learned a level 9 spell: Absolute Zero
 51601 | Swamp:4  | Found a blossoming altar of Fedhas.
 51789 | Swamp:4  | Found a basalt altar of Yredelemnul.
 51840 | Swamp:4  | Got a decaying rune of Zot
 52750 | Vaults:1 | Entered Level 1 of the Vaults
 52968 | Vaults:1 | Found Veask's General Store.
 54343 | Elf:1    | Identified the ring of Miracles {rPois Str+7 Slay+4}
 54587 | Elf:1    | Got a shimmering zirconium amulet
 54588 | Elf:1    | Identified the amulet "Samoeq" {RegenMP rPois Str+8} (You
                  | found it on level 1 of the Elven Halls)
 54907 | Snake:1  | Entered Level 1 of the Snake Pit
 54941 | Snake:1  | Found Sieng's Jewellery Shop.
 55094 | Snake:1  | Noticed Jorgrun
 55099 | Snake:1  | Killed Jorgrun
 55100 | Snake:1  | Reached XP level 21. HP: 116/172 MP: 10/38
 55666 | Snake:1  | Noticed Aizul
 55674 | Snake:1  | Killed Aizul
 56289 | Snake:1  | Noticed Frances
 56299 | Snake:1  | Killed Frances
 57197 | Snake:2  | Found Jiastueh's Book Boutique.
 57244 | Snake:2  | Reached skill level 20 in Ice Magic
 58427 | Snake:3  | Identified Roxanne's Disquisition on Transformation
 58427 | Snake:3  | Noticed Roxanne
 58429 | Snake:3  | Killed Roxanne
 58870 | Snake:4  | Entered Level 4 of the Snake Pit
 59737 | Snake:4  | Found Neofotof's Jewellery Emporium.
 59737 | Snake:4  | Found Buroytun's Gadget Shop.
 59738 | Snake:4  | Found Ynlociasch's Gadget Shop.
 60698 | Snake:4  | Reached XP level 22. HP: 181/181 MP: 16/40
 61635 | Snake:4  | Got a serpentine rune of Zot
 61801 | Snake:2  | Bought a book of Party Tricks for 750 gold pieces
 61801 | Snake:2  | Bought a manual of Dodging for 1656 gold pieces
 61803 | Snake:2  | Learned a level 1 spell: Apportation
 61806 | Snake:2  | Learned a level 2 spell: Passwall
 61932 | Lair:1   | Learned a level 4 spell: Passage of Golubria
 62401 | Vaults:2 | Noticed Margery
 62406 | Vaults:2 | Killed Margery
 62407 | Vaults:2 | Reached skill level 1 in Earth Magic
 62654 | Vaults:2 | Reached skill level 10 in Armour
 62832 | Vaults:2 | Noticed Nikola
 62832 | Vaults:2 | Killed Nikola
 63858 | Vaults:3 | Noticed Saint Roka
 63863 | Vaults:3 | Killed Saint Roka
 63864 | Vaults:3 | Reached skill level 5 in Shields
 64170 | Vaults:3 | Got an ancient arbalest
 64251 | Vaults:3 | Noticed Mara
 64258 | Vaults:3 | Killed Mara
 64259 | Vaults:3 | Reached XP level 23. HP: 190/190 MP: 16/41
 64786 | Vaults:3 | Found Yqipsi's Armour Shoppe.
 65315 | Vaults:3 | Found a staircase to the Crypt.
 65506 | Vaults:4 | Reached skill level 21 in Ice Magic
 65744 | Vaults:4 | Reached skill level 5 in Translocations
 65748 | Vaults:4 | Reached skill level 10 in Dodging
 65772 | Vaults:4 | Reached skill level 5 in Earth Magic
 65938 | Vaults:4 | Reached skill level 15 in Spellcasting
 66515 | Vaults:4 | Found a huge runed gate.
 66515 | Vaults:4 | Found a huge runed gate.
 66515 | Vaults:4 | Found a huge runed gate.
 66516 | Vaults:4 | Found a huge runed gate.
 66516 | Vaults:4 | Found a huge runed gate.
 66516 | Vaults:4 | Found a huge runed gate.
 66516 | Vaults:4 | Found a huge runed gate.
 66516 | Vaults:4 | Found a huge runed gate.
 66518 | Vaults:4 | Found a huge runed gate.
 66518 | Vaults:4 | Found a huge runed gate.
 66518 | Vaults:4 | Found a huge runed gate.
 66519 | Vaults:4 | Found a huge runed gate.
 66586 | Vaults:4 | Found a huge runed gate.
 66587 | Vaults:4 | Found a huge runed gate.
 66588 | Vaults:4 | Found a huge runed gate.
 66589 | Vaults:4 | Found a huge runed gate.
 66597 | Vaults:4 | Found a huge runed gate.
 66597 | Vaults:4 | Found a huge runed gate.
 66597 | Vaults:4 | Found a huge runed gate.
 66597 | Vaults:4 | Found a huge runed gate.
 66597 | Vaults:4 | Found a huge runed gate.
 66597 | Vaults:4 | Found a huge runed gate.
 66597 | Vaults:4 | Found a huge runed gate.
 66598 | Vaults:4 | Found a huge runed gate.
 66599 | Vaults:4 | Found a huge runed gate.
 66610 | Vaults:4 | Found a huge runed gate.
 66610 | Vaults:4 | Found a huge runed gate.
 66610 | Vaults:4 | Found a huge runed gate.
 66610 | Vaults:4 | Found a huge runed gate.
 66610 | Vaults:4 | Found a huge runed gate.
 66610 | Vaults:4 | Found a huge runed gate.
 66610 | Vaults:4 | Found a huge runed gate.
 66611 | Vaults:4 | Found a huge runed gate.
 66612 | Vaults:4 | Found a huge runed gate.
 66620 | Vaults:4 | Found a huge runed gate.
 66620 | Vaults:4 | Found a huge runed gate.
 66947 | Vaults:5 | Entered Level 5 of the Vaults
 66951 | Vaults:5 | Reached XP level 24. HP: 180/200 MP: 42/42
 67859 | Vaults:5 | Killed from afar by a storm dragon

Illustrated notes

Levels and vault maps discovered:
D:1:      co_arrival_random_square_maze, layout_basic, moated_statue,
          minmay_3d_cube
D:2:      layout_loops_corners, nicolae_overflow_hidden_temple,
          nicolae_underground_beach, uniq_sigmund
D:3:      layout_basic, gammafunk_temple_overflow_elements
D:4:      layout_loops_ring, serial_forest, infiniplex_forest_clump_small,
          infiniplex_forest_zigzag_1, infiniplex_forest_lined_corner,
          infiniplex_forest_corner_1, infiniplex_forest_clump_medium,
          uniq_eustachio
D:5:      layout_cave_pools, serial_gnoll_camp, gnoll_camp_medium_01,
          gnoll_camp_mini_doghouse, gnoll_camp_mini_house,
          gnoll_camp_mini_loothouse
D:6:      layout_basic, grunt_temple_overflow_magic_moments,
          general_overflow_altar, minmay_temple_entry_slanted, uniq_menkaure
D:7:      layout_basic, lemuel_doored_altar, nicolae_qazlal_general_emergency
D:8:      layout_gridville, kennysheep_little_box, david_lair_generic,
          basic_altar
D:9:      layout_irregular_city, serial_shops, shop_fountains,
          nicolae_shop_behind_doors, nicolae_shop_statue_plus, uniq_gastronok
D:10:     layout_loops_ring, pf_just_have_faith
D:11:     layout_long_grid, ebering_ghost_reflecting_pool
D:12:     layout_irregular_city, zombieorc1_lemuel, kennysheep_generic_room_8,
          uniq_psyche
D:13:     layout_basic, grunt_vaults_entry_fortified, serial_ice, serial_ice_e,
          serial_ice_a, serial_ice_o, serial_ice_m, serial_ice_c, serial_ice_j,
          serial_ice_d, uniq_azrael
D:14:     layout_loops_cross
D:15:     grunt_enter_depths_snipers, layout_stronghold,
          roderic_lattice_octagonal_star, uniq_louise
Temple:   nicolae_temple_hex_pool
Lair:1:   layout_chaotic_city
Lair:2:   layout_gridlike, minmay_lair_oklob_chamber, serial_bayou_shore_b,
          uniq_erica
Lair:3:   layout_regular_city, minmay_swamp_entry_swarm, lemuel_fruit_fields
Lair:4:   layout_regular_city, guppyfry_snake_entry_island,
          grunt_forest_small_clearing_treed
Lair:5:   layout_roguey, dpeg_slime_entry_corner, minmay_another_anthill,
          uniq_kirke, uniq_josephine
Lair:6:   evilmike_catoblepas_cave, layout_gridlike
Swamp:1:  layout_basic_swamp, evilmike_swamp_ruin_rubble_1, swamp_pool4
Swamp:2:  layout_basic_swamp, serial_swamp_ruin, evilmike_swamp_ruin_house_2,
          evilmike_swamp_ruin_house_4, hangedman_swamp_ruin_wall, swamp_pool3
Swamp:3:  layout_falls_marsh, evilmike_swamp_ruin_wall
Swamp:4:  byrel_swamp_growth_death_and_undeath, layout_basic_swamp, swamp_pool1
Snake:1:  layout_cave_shapes, minmay_shop_enchanted_jewellery,
          grunt_megastairs_2, uniq_aizul, uniq_jorgrun, uniq_frances
Snake:2:  layout_cave_pods, serial_shops, nicolae_shop_crystal
Snake:3:  layout_misc_corridors, hangedman_snake_corridor_cut, uniq_roxanne
Snake:4:  grunt_snake_rune_pools, layout_chambers, guppyfry_library_mini,
          minmay_shop_grove
Orc:1:    layout_caves, serial_shops, nicolae_shop_waterfront
Orc:2:    pubby_orc_utopia
Elf:1:    gammafunk_its_a_trap, layout_loops_corners, serial_shops, shop,
          hangedman_elven_crosses_minicolossus, uniq_agnes
Elf:2:    layout_geoelf_diagonals, serial_shops, nicolae_shop_stone,
          grunt_megastairs_4
Elf:3:    minmay_elf_hall_golems, layout_gridlike, minmay_shoptagon,
          uniq_bai_suzhen
Vaults:1: nicolae_vaults_fighting_squares, vaults_dpeg_ring, v_misc_19,
          vaults_room_semicircle, vaults_dpeg_hooks,
          nicolae_vaults_three_branches, ontoclasm_vaults_gateway,
          grunt_vaults_hallway_long, layout_vaults_omnigrid, serial_shops, shop
Vaults:2: ontoclasm_vaults_ligature, grunt_vaults_twisty,
          hangedman_vaults_stitches, v_misc_18, grunt_vaults_bifocal, v_misc_33,
          vaults_room_corners, v_pattern_3, v_misc_22,
          nicolae_vaults_bisected_slash, hangedman_vaults_impose,
          layout_vaults_ring, uniq_nikola, uniq_margery
Vaults:3: nicolae_vaults_puzzle_piece, nicolae_vaults_hallways_thing,
          minmay_crypt_entry_skeletal_spiral, vaults_standard_mumra_x,
          nicolae_vaults_yaktaur_gun_rack, vaults_mumra_hex,
          ontoclasm_vaults_ring_small, v_misc_29, v_misc_2,
          layout_vaults_maze_bifur, serial_shops, shop, uniq_saint_roka,
          uniq_mara
Vaults:4: vaults_not_door_vault_mu, grunt_vaults_diagonal, v_alt_pattern_1,
          vaults_dpeg_spiral, hangedman_vaults_nails,
          vaults_standard_mumra_lines, v_misc_8, vaults_dpeg_diagonal,
          nicolae_vaults_windows_and_doors_thing, layout_vaults_chaotic_city
Vaults:5

Skill      XL: |  1  2  3  4  5  6  7  8  9 10 11 12 13 14 15 16 17 18 19 20 21 22 23 24 |
---------------+-------------------------------------------------------------------------+-----
Fighting       | 1 2 3 5 6 7 8 10 11 12 13 | 13.6
Maces & Flails | 1 2 3 4 5 6 7 |  7.2
Spellcasting   | 3 4 5 6 7 8 9 10 11 12 13 14 15 | 15.4
Ice Magic      | 5 6 7 8 9 10 11 12 13 14 15 16 18 19 20 21 | 21.6
Dodging        | 2 3 5 7 8 9 10 | 10.0
Stealth        | 3 |  3.0
Shields        | 1 2 6 9 |  9.0
Conjurations   | 2 3 5 6 7 8 9 10 11 12 | 12.0
Summonings     | 1 2 4 5 |  5.0
Evocations     | 1 3 4 6 7 8 10 11 12 | 12.0
Armour         | 1 3 4 5 7 9 10 | 10.0
Translocations | 1 3 4 5 6 |  6.4
Transmutations | 1 6 8 9 10 11 12 13 14 | 14.5
Throwing       | 2 4 6 |  6.0
Hexes          | 4 5 |  5.0
Earth Magic    | 3 6 7 |  7.2

Action                   |  1- 3 |  4- 6 |  7- 9 | 10-12 | 13-15 | 16-18 | 19-21 | 22-24 || total
-------------------------+-------+-------+-------+-------+-------+-------+-------+-------++-------
Melee: Unarmed           |    19 |       |       |       |       |       |       |       ||    19
       Whip              |     3 |    45 |   197 |   431 |    21 |       |       |       ||   697
       Spear             |       |       |     1 |       |       |       |       |       ||     1
       Scimitar          |       |       |       |       |   308 |   163 |    20 |    17 ||   508
       Kick              |       |       |       |       |    15 |    21 |       |       ||    36
       Bite              |       |       |       |       |     6 |    34 |     3 |     7 ||    50
Throw: Boomerang         |    49 |    33 |    98 |   153 |   291 |    90 |    21 |       ||   735
       Dart              |       |       |       |    41 |       |       |       |       ||    41
 Cast: Freeze            |    22 |       |       |       |       |       |       |       ||    22
       Frozen Ramparts   |     3 |    18 |    44 |    68 |   110 |    32 |       |       ||   275
       Summon Ice Beast  |       |       |     1 |    53 |     9 |     1 |       |       ||    64
       Hailstorm         |       |       |       |     1 |    30 |    10 |     4 |       ||    45
       Irradiate         |       |       |       |       |    79 |   114 |    45 |     2 ||   240
       Iskenderun's Myst |       |       |       |       |     1 |       |       |       ||     1
       Ozocubu's Refrige |       |       |       |       |       |   194 |   399 |   132 ||   725
       Yara's Violent Un |       |       |       |       |       |     3 |       |       ||     3
       Absolute Zero     |       |       |       |       |       |       |    53 |   124 ||   177
 Abil: Dig               |       |     1 |     2 |     5 |     7 |     9 |     5 |     1 ||    30
Evoke: Wand              |       |       |       |    21 |    20 |    12 |    18 |       ||    71
       Tin of tremorston |       |       |       |       |       |     1 |     5 |     4 ||    10
       Condenser vane    |       |       |       |       |       |     1 |     2 |     2 ||     5
  Use: Scroll            |       |     3 |     6 |    17 |    14 |     1 |    10 |     4 ||    55
       Potion            |       |       |       |       |     2 |       |       |     1 ||     3
 Stab: Distracted        |       |       |       |     2 |       |       |       |       ||     2
       Sleeping          |       |       |       |     1 |       |     1 |       |       ||     2
Armor: Robe              |     8 |     3 |       |       |       |       |       |       ||    11
       Leather armour    |       |     4 |    60 |   123 |    97 |    55 |     7 |       ||   346
       Scale mail        |       |       |       |       |       |    30 |    21 |    13 ||    64
       Swamp dragon scal |       |       |       |       |       |       |    61 |       ||    61
Dodge: Dodged            |    21 |    25 |   178 |   196 |   218 |   132 |   102 |    48 ||   920
Block: Buckler           |       |     7 |    34 |    53 |   218 |   132 |    41 |    12 ||   497
       Reflection        |       |       |       |       |    26 |    32 |     1 |       ||    59
       Kite shield       |       |       |       |       |       |       |       |    31 ||    31
       Rpst.: Scimitar   |       |       |       |       |    50 |    35 |    10 |     6 ||   101

Table legend: (Time is in decaauts)
 A = Elapsed time spent in this place.
 B = Non-inter-level travel time spent in this place.
 C = Inter-level travel time spent in this place.
 D = Time resting spent in this place.
 E = Time spent auto-exploring this place.
 F = Levels seen in this place.
 G = Mean time per level.
                   A        B        C        D        E       F      G
               +--------+--------+--------+--------+--------+-----+--------+
         Total |  68438 |  64077 |   4361 |   7002 |  46146 |  40 | 1710.9 |
       Dungeon |  23573 |  21331 |   2242 |   1040 |  16014 |  15 | 1571.5 |
        Temple |     95 |     75 |     20 |      0 |     75 |   1 |   95.0 |
          Lair |   8668 |   8146 |    522 |     25 |   6803 |   6 | 1444.7 |
         Swamp |   6482 |   6299 |    183 |   1672 |   3865 |   4 | 1620.5 |
     Snake Pit |   6960 |   6703 |    257 |    580 |   5171 |   4 | 1740.0 |
  Orcish Mines |   3970 |   3619 |    351 |    141 |   2555 |   2 | 1985.0 |
   Elven Halls |  11415 |  10881 |    534 |   3540 |   5798 |   3 | 3805.0 |
        Vaults |   7272 |   7022 |    250 |      4 |   5863 |   5 | 1454.4 |
               +--------+--------+--------+--------+--------+-----+--------+

Top non-repeatable levels by time:
   Elf:3: 4538 daAuts
   Elf:2: 3874 daAuts
   Orc:2: 3295 daAuts
   Elf:1: 3002 daAuts
 Snake:4: 2769 daAuts
    D:12: 2481 daAuts
Vaults:4: 2375 daAuts
     D:9: 2115 daAuts
    D:13: 2069 daAuts
 Swamp:4: 2022 daAuts
     D:8: 1918 daAuts
    D:14: 1909 daAuts
  Lair:6: 1822 daAuts
 Swamp:3: 1815 daAuts
Vaults:1: 1764 daAuts
